 Dungeon Crawl Stone Soup version 0.20.1-1-g8b1a95d (webtiles) character file.

2851 Baril the Geomancer (level 9, -2/52 HPs)
             Began as a Gargoyle Earth Elementalist on Nov 18, 2017.
             Was an Initiate of Vehumet.
             Killed by Lee's Rapid Deconstruction
             ... invoked by Baril's ghost
              (16 damage)
             ... on level 7 of the Dungeon.
             The game lasted 01:09:58 (9012 turns).

Baril the Geomancer (Gargoyle Earth Elementalist)   Turns: 9012, Time: 01:09:58

Health: -2/52      AC: 10    Str: 12    XL:     9   Next: 74%
Magic:  18/18      EV: 12    Int: 19    God:    Vehumet [......]
Gold:   378        SH:  0    Dex: 10    Spells: 11/20 levels left

rFire    . . .     SeeInvis .   a - +1 flail (venom)
rCold    . . .     Gourm    .   (no shield)
rNeg     + . .     Faith    .   c - +0 robe
rPois    ∞         Spirit   .   (no helmet)
rElec    +         Reflect  .   F - +0 cloak
rCorr    .         Harm     .   s - +0 pair of gloves
MR       .....                  h - +0 pair of boots
Stlth    +++.......             (no amulet)
Regen    0.2/turn               I - ring of stealth
MPRegen  0.2/turn               (no ring)

@: no status effects
A: negative energy resistance 1, electricity resistance, unbreathing,
petrification resistance, rot immunity, AC +5
a: Renounce Religion


You were on level 7 of the Dungeon.
You worshipped Vehumet.
Vehumet was noncommittal.
You were not hungry.

You visited 2 branches of the dungeon, and saw 8 of its levels.

You collected 378 gold pieces.

Inventory:

Hand Weapons
 a - a +1 flail of venom (weapon)
 b - a +0 hunting sling
 j - a +2 whip of freezing
 p - a +2 mace of protection
 B - a +0 mace
 C - a +2 falchion of holy wrath
 E - a +2 antimagic mace
 J - a +1 dagger of holy wrath
 O - a +0 rapier of speed
 Q - a +2 dagger of venom
Missiles
 o - 36 poisoned needles
 z - 41 sling bullets
 P - 42 arrows
 S - 119 stones (quivered)
 U - a tomahawk
Armour
 c - a +0 robe (worn)
 h - a +0 pair of boots (worn)
 s - a +0 pair of gloves (worn)
 F - a +0 cloak (worn)
Jewellery
 D - an uncursed ring of ice
 I - a ring of stealth (left hand)
Wands
 y - a wand of confusion (26/48)
 G - a wand of polymorph (1/24)
 T - a wand of confusion (17/48)
Scrolls
 i - a scroll of remove curse
 k - 2 scrolls of blinking {unknown}
 m - a scroll of recharging {unknown}
 n - 5 scrolls of enchant weapon
 t - 4 scrolls of enchant armour {unknown}
 u - 4 scrolls of magic mapping {unknown}
 v - 4 scrolls of identify
 x - 3 scrolls of teleportation {unknown}
 K - 3 scrolls of immolation {unknown}
 N - a scroll of amnesia {unknown}
 R - a scroll of random uselessness {unknown}
Potions
 f - 2 potions of flight
 g - 2 potions of curing
 q - a potion of resistance {unknown}
 r - 4 potions of heal wounds
 w - a potion of lignification {unknown}
 H - a potion of magic {unknown}
 V - a potion of berserk rage {unknown}
 X - a potion of degeneration {unknown}
Books
 e - a book of Geomancy

   Spells                             Type                      Level
   a - Sandblast                      Earth                        1
   b - Passwall                       Transmutation/Earth          2
   c - Stone Arrow                    Conjuration/Earth            3
   d - Petrify                        Transmutation/Earth          4
   e - Lee's Rapid Deconstruction     Earth                        5
 M - a Young Poisoner's Handbook

   Spells                             Type                      Level
   a - Sting                          Conjuration/Poison           1
   b - Poisonous Vapours              Poison/Air                   2
   c - Mephitic Cloud                 Conjuration/Poison/Air       3
   d - Olgreb's Toxic Radiance        Poison                       4
   e - Venom Bolt                     Conjuration/Poison           5
 W - a book of Maledictions

   Spells                             Type                      Level
   a - Corona                         Hexes                        1
   b - Ensorcelled Hibernation        Hexes/Ice                    2
   c - Confuse                        Hexes                        3
   d - Tukima's Dance                 Hexes                        3
   e - Dazzling Spray                 Conjuration/Hexes            3
 Z - a book of Callings

   Spells                             Type                      Level
   a - Summon Small Mammal            Summoning                    1
   b - Call Imp                       Summoning                    2
   c - Call Canine Familiar           Summoning                    3
   d - Summon Guardian Golem          Hexes/Summoning              3
   e - Summon Lightning Spire         Summoning/Air                4
   f - Summon Ice Beast               Ice/Summoning                4
Comestibles
 d - 7 bread rations
 l - a meat ration
 A - 2 royal jellies
 L - 3 fruits


   Skills:
 + Level 4.6 Fighting
 + Level 3.2 Maces & Flails
 + Level 3.0 Dodging
 - Level 2.1 Stealth
 * Level 6.2 Spellcasting
 * Level 6.0 Conjurations
   Level 0.7 Transmutations
 * Level 8.4 Earth Magic
 + Level 3.2 Evocations


You had 11 spell levels left.
You knew the following spells:

 Your Spells              Type           Power        Failure   Level  Hunger
a - Sandblast             Erth           #####.       1%          1    None
b - Stone Arrow           Conj/Erth      ####..       1%          3    ##.....
c - Lee's Rapid Deconstr  Erth           #####.....   10%         5    #####..


Dungeon Overview and Level Annotations

Branches:
Dungeon (7/15)             Temple (1/1) D:7

Altars:
Ashenzari
Cheibriados
Dithmenos
Elyvilon
Fedhas
Gozag
Hepliaklqana
Kikubaaqudgha
Makhleb
Nemelex Xobeh
Okawaru
Qazlal
Ru
Trog
Uskayaw
Vehumet
Xom
Yredelemnul
Zin
The Shining One

Shops:
D:6 }:

Annotations:
D:7 Baril's ghost, novice GrEE


Innate Abilities, Weirdness & Mutations

You are resistant to torment.
Your stone body is resilient. (AC +5)
You are immune to poison.
You resist negative energy. (rN+)
You are resistant to electric shocks. (rElec)
You can survive without breathing.
You are immune to petrification.
You are immune to rotting.


Message History

Baril's ghost hits you.
You thump Baril's ghost!
Baril's ghost is moderately damaged.
Baril's ghost hits you but does no damage.
Baril's ghost closely misses you.
You hit Baril's ghost.
Baril's ghost is moderately damaged.
Baril's ghost points at you and mumbles some strange words.
The stone arrow hits you!
Ouch! That really hurt!
* * * LOW HITPOINT WARNING * * *
You hit Baril's ghost but do no damage.
Baril's ghost is moderately damaged.
Baril's ghost hits you but does no damage.
There is an open door here.
Baril's ghost gestures at you while chanting.
The stone arrow misses you.
Baril's ghost gestures at you while chanting.
You shatter!
You die...

#. #.###### #......#
###########..###.# .............#
#.# ..........)..###.#
.....#.......+...################
######.......###.......^.........
...# #.......W..@......###[.####.
...# #......[#####.#...# ##.##...
...###.......# #.##### ####.##
.............# ##.####### #...
.......####### #........#######'
.......# #........##......
.......# #........##......
.......# #.<......##...[..
.......# #........##......


You could see Baril's ghost.

Vanquished Creatures
  Grinder (D:5)
  The ghost of Irenicus the Digger, an amateur DDEE (D:4)
  Eustachio (D:6)
  Edmund (D:4)
  Menkaure (D:4)
  A water moccasin (D:5)
  Purgy (D:3)
  2 ice beasts (D:6)
  2 phantoms (D:6)
  3 ogres
  A bullfrog (D:7)
  2 scorpions
  A bullfrog zombie (D:5)
  A crimson imp (D:6)
  2 hounds
  2 jellies (D:5)
  8 orc wizards
  3 orc priests
  2 centaur skeletons
  Crazy Yiuf (D:3)
  Jessica (D:2)
  6 worker ants
  Ijyb (D:3)
  Natasha (twice) (D:2)
  Terence (D:3)
  An iguana (D:4)
  A killer bee zombie (D:6)
  A hound skeleton (D:7)
  3 gnolls (D:4)
  12 adders
  2 shadow imps
  An ooze (D:3)
  An adder zombie (D:6)
  An adder skeleton (D:4)
  3 worms
  2 leopard geckos (D:2)
  23 orcs
  A ball python (D:4)
  9 bats
  9 giant cockroaches
  2 gnoll zombies (D:6)
  4 goblins
  9 hobgoblins
  7 jackals
  3 quokkas
  3 frilled lizards
  A jackal skeleton (D:5)
  7 kobolds
  2 quokka skeletons
  8 rats
164 creatures vanquished.

Notes
Turn   | Place    | Note
-------+----------+-------------------------------------------
     0 | D:1      | Baril the Gargoyle Earth Elementalist began the quest for the Orb.
     0 | D:1      | Reached XP level 1. HP: 10/10 MP: 3/3
   142 | D:1      | Reached skill level 4 in Earth Magic
   320 | D:1      | Reached XP level 2. HP: 15/15 MP: 3/5
  1075 | D:2      | Reached XP level 3. HP: 20/20 MP: 6/6
  1085 | D:2      | Learned a level 3 spell: Stone Arrow
  1281 | D:2      | Reached skill level 1 in Fighting
  1498 | D:2      | Noticed Natasha
  1504 | D:2      | Killed Natasha
  1504 | D:2      | Reached XP level 4. HP: 25/25 MP: 3/8
  1606 | D:2      | Reached skill level 1 in Conjurations
  1606 | D:2      | Reached skill level 5 in Earth Magic
  1925 | D:2      | Noticed Jessica
  1926 | D:2      | Killed Jessica
  1926 | D:2      | Reached XP level 5. HP: 30/30 MP: 7/9
  2028 | D:2      | Learned a level 5 spell: Lee's Rapid Deconstruction
  2137 | D:2      | Noticed Natasha
  2143 | D:2      | Killed Natasha
  2432 | D:3      | Noticed Ijyb
  2465 | D:3      | Killed Ijyb
  2466 | D:3      | Noticed Purgy
  2509 | D:3      | Found a snail-covered altar of Cheibriados.
  2583 | D:3      | Reached XP level 6. HP: 20/35 MP: 1/11
  2784 | D:3      | Noticed Terence
  2787 | D:3      | Killed Terence
  3145 | D:3      | Found a burning altar of Makhleb.
  3381 | D:3      | Found a runed door.
  3385 | D:3      | Noticed Crazy Yiuf
  3390 | D:3      | Killed Crazy Yiuf
  3582 | D:3      | Killed Purgy
  3582 | D:3      | Reached skill level 6 in Earth Magic
  3658 | D:3      | Found a faded altar of an unknown god.
  3838 | D:4      | Reached XP level 7. HP: 38/40 MP: 10/13
  3868 | D:4      | Noticed Irenicus's ghost (amateur DDEE)
  3945 | D:4      | Killed Irenicus's ghost
  4150 | D:4      | Noticed Edmund
  4175 | D:4      | Killed Edmund
  4175 | D:4      | Reached skill level 1 in Maces & Flails
  4556 | D:4      | Reached skill level 1 in Evocations
  4856 | D:4      | Reached XP level 8. HP: 40/46 MP: 15/15
  4887 | D:4      | Noticed Menkaure
  5444 | D:4      | Killed Menkaure
  5601 | D:4      | Reached skill level 7 in Earth Magic
  5622 | D:4      | Reached skill level 5 in Spellcasting
  5937 | D:5      | Entered Level 5 of the Dungeon
  6034 | D:5      | Noticed Grinder
  6041 | D:5      | Killed Grinder
  6056 | D:5      | Reached skill level 5 in Conjurations
  6471 | D:5      | Reached XP level 9. HP: 52/52 MP: 3/17
  6789 | D:5      | Found a white marble altar of Elyvilon.
  7043 | D:6      | Noticed Eustachio
  7351 | D:6      | Reached skill level 8 in Earth Magic
  7414 | D:6      | Killed Eustachio
  7541 | D:6      | Found Cava's Book Shop.
  7692 | D:6      | Found Nasinoi's Gadget Shoppe.
  7932 | D:6      | Found a basalt altar of Yredelemnul.
  8233 | D:6      | Found a shadowy altar of Dithmenos.
  8333 | D:7      | Noticed Baril's ghost (novice GrEE)
  8794 | D:7      | Found a staircase to the Ecumenical Temple.
  8805 | Temple   | Entered the Ecumenical Temple
  8826 | Temple   | Became a worshipper of Vehumet
  9012 | D:7      | Killed from afar by Baril's ghost

Skill      XL: |  1  2  3  4  5  6  7  8  9 |
---------------+----------------------------+-----
Earth Magic    | 4 5 6 7 8 |  8.4
Fighting       | 1 2 3 4 |  4.6
Conjurations   | 1 2 3 5 6 |  6.0
Spellcasting   | 3 4 5 6 |  6.2
Maces & Flails | 1 2 3 |  3.2
Dodging        | 2 3 |  3.0
Evocations     | 1 2 3 |  3.2
Stealth        | |  2.1
Transmutations | |  0.7

Action                   |  1- 3 |  4- 6 |  7- 9 || total
-------------------------+-------+-------+-------++-------
Melee: Club              |    17 |       |       ||    17
       Mace              |    89 |   120 |   116 ||   325
       Dagger            |       |    59 |    14 ||    73
       Whip              |       |       |   207 ||   207
       Flail             |       |       |    22 ||    22
       Rapier            |       |       |     5 ||     5
Throw: Tomahawk          |       |       |     4 ||     4
 Cast: Sandblast         |     9 |    25 |    83 ||   117
       Stone Arrow       |       |     7 |    13 ||    20
       Lee's Rapid Decon |       |       |     1 ||     1
  Use: Scroll            |       |       |     7 ||     7
 Stab: Sleeping          |     3 |     5 |     7 ||    15
  Eat: Chunk             |     2 |     8 |    13 ||    23
       Royal jelly       |       |       |     1 ||     1
       Fruit             |       |       |     4 ||     4
Armor: Robe              |    63 |    80 |   184 ||   327
       Skin              |       |    11 |       ||    11
Dodge: Dodged            |    82 |   155 |   271 ||   508
